 Dungeon Crawl Stone Soup version 0.25.1-9-gc5326a611f (webtiles) character file.

Game seed: 3898202539133668434

1614841 AlexTheUnready the Minotaur Ballista (level 27, 261/261 HPs)
             Began as a Minotaur Fighter on Nov 17, 2023.
             Was the Champion of Okawaru.
             Escaped with the Orb
             ... and 3 runes on Nov 19, 2023!
             The game lasted 03:01:42 (89006 turns).

AlexTheUnready the Minotaur Ballista (MiFi)        Turns: 89006, Time: 03:01:42

Health: 261/261    AC: 52    Str: 35    XL:     27
Magic:  33/33      EV:  8    Int:  7    God:    Okawaru [******]
Gold:   8269       SH: 26    Dex: 12    Spells: 26/26 levels left

rFire    + + +     SeeInvis +   A - +9 broad axe (elec)
rCold    + + +     Gourm    .   P - +2 shield of Resistance {rF+ rC+ MR+}
rNeg     + . .     Faith    .   D - +11 gold dragon scales
rPois    +         Spirit   .   c - +3 crown of Dyrovepreva {rElec Int+2 SInv}
rElec    +         Reflect  +   q - +2 cloak {MR+}
rCorr    +         Harm     .   R - +5 pair of gloves of Ciarghin {rF+}
MR       +++++                  V - +1 pair of boots of Ycuots {rPois rN+}
Stlth    ..........             s - amulet "Cengy" {Reflect MR+ SH+5}
HPRegen  0.53/turn              L - ring of Xagem {rC+ MR+ Str+3 Stlth-}
MPRegen  0.23/turn              u - ring "Netonwef" {rCorr Slay+5}

@: studying Invocations
A: retaliatory headbutt, horns 2, mutation resistance 1
0: Orb of Zot
}: 3/15 runes: decaying, silver, gossamer
a: Heroism, Finesse, Renounce Religion


You escaped.
You worshipped Okawaru.
Okawaru was exalted by your worship.
You were not hungry.

You visited 10 branches of the dungeon, and saw 52 of its levels.
You visited the Abyss 2 times.
You also visited: Ossuary and Gauntlet.

You collected 11152 gold pieces.
You spent 2883 gold pieces at shops.

Inventory:

Hand Weapons
 b - the +8 autumn katana {vorpal, Clar}
   (You found it on level 3 of the Lair of Beasts)

   It inflicts extra damage upon your enemies.
   It protects you against confusion.
 f - the +0 sword of Power
   (You found it on level 3 of the Elven Halls)
 A - a +9 broad axe of electrocution (weapon)
 Q - the +5 broad axe of the Shark {flame, rElec rPois MP+9 Str-3 Int-5}
   (Okawaru gifted it to you on level 3 of the Depths)

   It has been specially enchanted to burn those struck by it, causing extra
   injury to most foes and up to half again as much damage against particularly
   susceptible opponents.
   Big, fiery blades are also staple armaments of hydra-hunters.
   It affects your strength (-3).
   It affects your intelligence (-5).
   It insulates you from electricity.
   It protects you from poison.
   It affects your magic capacity (+9).
 W - the +7 great mace "Undeadhunter" {disrupt, rN+}
   (You found it on level 3 of the Elven Halls)

   It protects you from negative energy.
Missiles
 j - 48 javelins
 k - 18 silver boomerangs (quivered)
 n - 71 boomerangs
 r - 37 silver javelins
 C - 6 throwing nets
Armour
 c - the +3 crown of Dyrovepreva (worn) {rElec Int+2 SInv}
   (Okawaru gifted it to you on level 3 of the Elven Halls)

   It affects your intelligence (+2).
   It insulates you from electricity.
   It lets you see invisible.
 m - a +1 pair of gloves of archery
 q - a +2 cloak of magic resistance (worn)
 t - a +0 pair of gloves of strength
 w - the +2 hat of Hopscotch {-Tele rC+ rN+ Regen+}
   (You found it in a Gauntlet)

   It protects you from cold.
   It protects you from negative energy.
   It prevents most forms of teleportation.
   It increases your rate of regeneration.
 D - +11 gold dragon scales (worn)
 N - a +2 tower shield
 P - the +2 shield of Resistance (worn) {rF+ rC+ MR+}
   (You took it off an ironbrand convoker on level 2 of the Vaults)

   It protects you from fire.
   It protects you from cold.
   It affects your resistance to hostile enchantments.
 R - the +5 pair of gloves of Ciarghin (worn) {rF+}
   (Okawaru gifted it to you on level 2 of the Vaults)

   It protects you from fire.
 S - the +7 Kryia's mail coat {PotionHeal*2 rC+}
   (You took it off a deep elf blademaster on level 3 of the Elven Halls)

   It protects you from cold.
 V - the +1 pair of boots of Ycuots (worn) {rPois rN+}
   (Okawaru gifted it to you on level 2 of the Lair of Beasts)

   It protects you from poison.
   It protects you from negative energy.
 X - the +4 chain mail "Atod" {rN+ MR+ Dex-2 SInv}
   (You found it on level 3 of the Spider Nest)

   It affects your dexterity (-2).
   It protects you from negative energy.
   It affects your resistance to hostile enchantments.
   It lets you see invisible.
Jewellery
 p - the cursed necklace of Bloodlust {*Rage +Rage MR++ Int-3 Slay+6 *Curse}
   (You found it on level 5 of the Vaults)

   [amulet of nothing]

   It affects your intelligence (-3).
   It affects your accuracy and damage with ranged weapons and melee attacks
   (+6).
   It affects your resistance to hostile enchantments.
   It lets you go berserk.
   It may make you go berserk in combat.
   It curses itself when equipped.
   It has a curse placed upon it.
 s - the amulet "Cengy" (around neck) {Reflect MR+ SH+5}
   (You took it off a vampire knight on level 3 of the Crypt)

   [amulet of reflection]

   It shields you and reflects attacks.
   It affects your resistance to hostile enchantments.
   It affects your SH (+5).
 u - the ring "Netonwef" (right hand) {rCorr Slay+5}
   (You found it on level 3 of the Lair of Beasts)

   [ring of resist corrosion]

   It affects your accuracy and damage with ranged weapons and melee attacks
   (+5).
   It provides partial protection from all sources of acid and corrosion.
 z - the ring "Jebbod" {MR+ rCorr Int-3 Dex+4}
   (You bought it in a shop on level 2 of the Orcish Mines)

   [ring of resist corrosion]

   It affects your intelligence (-3).
   It affects your dexterity (+4).
   It affects your resistance to hostile enchantments.
   It provides partial protection from all sources of acid and corrosion.
 F - a cursed amulet of faith
 I - the ring of Zoakuogu {rElec rPois rC- rN+ Str+4}
   (You took it off a deep elf annihilator on level 3 of the Elven Halls)

   [ring of positive energy]

   It affects your strength (+4).
   It makes you vulnerable to cold.
   It insulates you from electricity.
   It protects you from poison.
   It protects you from negative energy.
 L - the ring of Xagem (left hand) {rC+ MR+ Str+3 Stlth-}
   (You bought it in a shop on level 4 of the Depths)

   [ring of attention]

   It affects your strength (+3).
   It protects you from cold.
   It affects your resistance to hostile enchantments.
   It makes you less stealthy.
 Z - the ring "Kyggoho" {MR+ MP+9 SInv}
   (You bought it in a shop on level 4 of the Depths)

   [ring of magical power]

   It affects your resistance to hostile enchantments.
   It affects your magic capacity (+9).
   It lets you see invisible.
Wands
 H - a wand of digging (10)
 T - a wand of clouds (38)
Scrolls
 a - 4 scrolls of summoning
 e - 6 scrolls of fog
 h - 21 scrolls of remove curse
 o - 14 scrolls of fear
 v - 23 scrolls of teleportation
 y - 4 scrolls of blinking
 B - 9 scrolls of magic mapping
 J - 4 scrolls of holy word
 Y - 23 scrolls of identify
Potions
 d - 6 potions of might
 g - 11 potions of heal wounds
 i - 25 potions of curing
 l - 6 potions of haste
 x - 8 potions of mutation
 E - 2 potions of cancellation
Books
 M - a manual of Invocations
Miscellaneous
 K - 2 boxes of beasts
 O - 4 phantom mirrors
Comestibles
 G - 72 rations
 U - a chunk of flesh


   Skills:
 + Level 24.3 Fighting
 + Level 22.9 Axes
 O Level 27 Throwing
 + Level 22.7 Armour
 + Level 23.8 Shields
 + Level 15.7 Invocations


You had 26 spell levels left.
You didn't know any spells.
Your spell library contained the following spells:

 Spells                   Type           Power        Failure   Level  Hunger
 Animate Skeleton         Necr           N/A          95%         1    ##.....
 Apportation              Tloc           #.....       95%         1    ##.....
 Beastly Appendage        Tmut           #.....       95%         1    ##.....
 Corona                   Hex            #......      95%         1    ##.....
 Foxfire                  Conj/Fire      #...         95%         1    ##.....
 Infusion                 Chrm           #...         95%         1    ##.....
 Magic Dart               Conj           #...         95%         1    ##.....
 Sandblast                Erth           #.....       95%         1    ##.....
 Sting                    Tmut/Pois      #...         95%         1    ##.....
 Summon Small Mammal      Summ           #...         95%         1    ##.....
 Blink                    Tloc           N/A          99%         2    ###....
 Corpse Rot               Necr/Air       N/A          99%         2    ###....
 Ensorcelled Hibernation  Hex/Ice        #.....       99%         2    ###....
 Passwall                 Tmut/Erth      #.......     99%         2    ###....
 Poisonous Vapours        Pois/Air       #.....       99%         2    ###....
 Searing Ray              Conj           #.....       99%         2    ###....
 Shroud of Golubria       Chrm/Tloc      #.....       99%         2    ###....
 Slow                     Hex            #.......     99%         2    ###....
 Song of Slaying          Chrm           #.......     99%         2    ###....
 Sticks to Snakes         Tmut           #.......     99%         2    ###....
 Sublimation of Blood     Necr           #.........   99%         2    ###....
 Swiftness                Chrm/Air       #.......     99%         2    ###....
 Confusing Touch          Hex            #.......     100%        3    ####...
 Conjure Flame            Conj/Fire      #.......     100%        3    ####...
 Dazzling Flash           Conj/Hex       #.....       100%        3    ####...
 Gell's Gravitas          Tloc           #.........   100%        3    ####...
 Ignite Poison            Fire/Tmut/Pois #.......     100%        3    ####...
 Inner Flame              Hex/Fire       #.......     100%        3    ####...
 Lesser Beckoning         Tloc           #.........   100%        3    ####...
 Mephitic Cloud           Conj/Pois/Air  #.......     100%        3    ####...
 Ozocubu's Armour         Chrm/Ice       #.......     100%        3    ####...
 Portal Projectile        Hex/Tloc       #.....       100%        3    ####...
 Recall                   Summ/Tloc      N/A          100%        3    ####...
 Spectral Weapon          Hex/Chrm       #.......     100%        3    ####...
 Spider Form              Tmut/Pois      #.........   100%        3    ####...
 Stone Arrow              Conj/Erth      #.....       100%        3    ####...
 Teleport Other           Tloc           #.......     100%        3    ####...
 Tukima's Dance           Hex            #.......     100%        3    ####...
 Animate Dead             Necr           N/A          100%        4    #####..
 Cause Fear               Hex            #.........   100%        4    #####..
 Dispel Undead            Necr           #.......     100%        4    #####..
 Fulminant Prism          Conj/Hex       #.........   100%        4    #####..
 Ice Form                 Ice/Tmut       #.......     100%        4    #####..
 Iskenderun's Mystic Bla  Conj/Tloc      #.......     100%        4    #####..
 Leda's Liquefaction      Hex/Erth       #.........   100%        4    #####..
 Olgreb's Toxic Radiance  Pois           #.......     100%        4    #####..
 Petrify                  Tmut/Erth      #.......     100%        4    #####..
 Sticky Flame             Conj/Fire      #.......     100%        4    #####..
 Agony                    Necr           #.......     100%        5    ######.
 Aura of Abjuration       Summ           #.........   100%        5    ######.
 Blade Hands              Tmut           #.........   100%        5    ######.
 Borgnjor's Vile Clutch   Necr/Erth      #.........   100%        5    ######.
 Excruciating Wounds      Chrm/Necr      #.........   100%        5    ######.
 Fireball                 Conj/Fire      #.........   100%        5    ######.
 Irradiate                Conj/Tmut      #.........   100%        5    ######.
 Lee's Rapid Deconstruct  Erth           #.........   100%        5    ######.
 Metabolic Englaciation   Hex/Ice        #.........   100%        5    ######.
 Silence                  Hex/Air        #.........   100%        5    ######.
 Summon Demon             Summ           #.........   100%        5    ######.
 Summon Forest            Summ/Tloc      #.........   100%        5    ######.
 Summon Mana Viper        Hex/Summ       #.......     100%        5    ######.
 Yara's Violent Unravell  Hex/Tmut       #.........   100%        5    ######.
 Darkness                 Hex            #.........   100%        6    #######
 Death Channel            Necr           #.........   100%        6    #######
 Hydra Form               Tmut           #.........   100%        6    #######
 Invisibility             Hex            #.......     100%        6    #######
 Ozocubu's Refrigeration  Ice            #.........   100%        6    #######
 Shadow Creatures         Summ           N/A          100%        6    #######
 Simulacrum               Ice/Necr       #.........   100%        6    #######
 Statue Form              Tmut/Erth      #........    100%        6    #######
 Dragon Form              Tmut           #.........   100%        7    #######
 Haunt                    Necr/Summ      #.........   100%        7    #######
 Borgnjor's Revivificati  Necr           #.........   100%        8    #######
 Chain Lightning          Conj/Air       #.........   100%        8    #######
 Death's Door             Chrm/Necr      #.........   100%        8    #######
 Discord                  Hex            #.........   100%        8    #######
 Disjunction              Tloc           #.........   100%        8    #######
 Infestation              Necr           #.........   100%        8    #######
 Lehudib's Crystal Spear  Conj/Erth      #.........   100%        8    #######
 Necromutation            Tmut/Necr      #.........   100%        8    #######
 Absolute Zero            Ice            #.........   100%        9    #######
 Dragon's Call            Summ           #.........   100%        9    #######
 Fire Storm               Conj/Fire      #.........   100%        9    #######
 Passage of Golubria      Tloc           Unusable     N/A         4    N/A

Dungeon Overview and Level Annotations

Branches:
Dungeon (15/15)            Temple (0/1) D:7            Lair (6/6) D:10
  Swamp (4/4) Lair:3       Spider (4/4) Lair:3        Slime (0/5) Lair:6
    Orc (2/2) D:9             Elf (3/3) Orc:2        Vaults (5/5) D:13
  Crypt (3/3) Vaults:3       Tomb (0/3) Crypt:3      Depths (5/5) D:15
    Zot (5/5) Depths:5    Ossuary (visited)         Gauntlet (visited)

Altars:
Ashenzari
Cheibriados
Dithmenos
Fedhas
Gozag
Okawaru
Qazlal
Ru
Trog
Uskayaw
Wu Jian
Xom
Yredelemnul
The Shining One
Jiyva

Shops:
D:4 !   D:9 [   D:13 *   Orc:2 [(**   Elf:2 }   Vaults:1 :*?*   Vaults:2 %
Vaults:5 [[   Depths:4 =*

Portals:
Hell: Depths:1 Depths:2 Depths:3 Depths:4 Depths:5
Abyss: Depths:4
Pandemonium: Depths:2 Depths:3 Depths:4 Depths:5
Ziggurat: Depths:2

Annotations:
D:14 1 runed translucent door
Elf:1 6 runed translucent doors
Vaults:1 36 runed doors
Zot:2 2 transporters
Zot:3 2 transporters, Kaloloko's ghost, veteran DDFi


Innate Abilities, Weirdness & Mutations

You reflexively headbutt those who attack you in melee.
You have a pair of horns on your head.
You are somewhat resistant to further mutation.


Message History

Evoke which item? (* to show all) (? for menu, Esc to quit)
Aiming: Dig
Press: ? - help, Shift-Dir - straight line A rock wall.
This square is covered in magical glow.
The rock shatters into small pieces.
You feel like a meek peon again.
Press: ? - help, v - describe, . - travel A staircase leading out of the dungeon.
This square is covered in magical glow.
Placed new exclusion.
Reduced exclusion size to a single square.
Removed exclusion.
Press: ? - help, v - describe, . - travel The floor.
This square is covered in magical glow.
Unknown command.
Unknown command.
There is a staircase leading out of the dungeon here.
You have escaped!

..#...########### #####.........
......# ######## #.....>...
......# ####......#### ##........
.###.####............## #........
.# #.# #......####....###........
.# #.###....######.....##........
.# #.##....##.....##...###......#
.# #.#....###..#..###..###......#
.# #.#....##..#.@.###..##.......#
.###.#....##...###+#..###......##
...#.#....###...###...##..(....#
...#.##....#.........###......##
...#.##.....###....####.......#
####.###.....########........##
#.# ##......####.........##
####'## ##.................##
......## ##..............###


There were no monsters in sight!

Vanquished Creatures
  A seraph (D:6)
  4 orbs of fire
  4 ancient liches
  Mara (Depths:4)
  2 juggernauts
  Sojobo (Depths:2)
  A shard shrike (Zot:5)
  6 Killer Klowns (Zot:5)
  Saint Roka (Depths:1)
  2 curse toes (Zot:3)
  3 caustic shrikes (Depths:5)
  Nikola (Spider:2)
  10 golden dragons
  Jory (Vaults:2)
  An electric golem (Zot:5)
  A pandemonium lord (D:4)
  14 tentacled monstrosities
  Jorgrun (Spider:1)
  25 Orb Guardians
  7 liches
  Asterion (Depths:1)
  2 deep elf blademasters (Elf:3)
  4 titans
  A tentacled starspawn (Abyss:3)
  2 deep elf master archers (Elf:3)
  6 quicksilver dragons
  10 death cobs
  5 ancient champions
  2 thorn hunters
  4 sphinxes
  7 tengu reavers
  16 fire giants
  12 shadow dragons
  Roxanne (Elf:1)
  2 revenants
  7 draconian monks
  25 storm dragons
  2 deep elf sorcerers
  10 frost giants
  7 draconian scorchers
  5 draconian knights
  2 iron dragons
  2 cacodemons
  A balrug (Depths:3)
  5 deep elf elementalists
  An orc warlord (Vaults:5)
  18 vault wardens
  Louise (Spider:1)
  8 ghost moths
  4 draconian stormcallers
  6 draconian shifters
  A warmonger (D:6)
  4 emperor scorpions
  3 ghouls
  2 curse skulls (Crypt:3)
  6 reapers
  13 draconian annihilators
  A war gargoyle (Vaults:5)
  3 spriggan defenders
  An angel (D:6)
  11 ironheart preservers
  19 stone giants
  18 vampire knights
  22 very ugly things
  7 green draconians
  6 entropy weavers
  8 deep elf annihilators
  A stone giant (shapeshifter) (Depths:3)
  Azrael (Spider:1)
  13 deep elf demonologists
  12 black draconians
  19 purple draconians
  8 red draconians
  2 minotaurs
  16 white draconians
  14 spark wasps
  8 eidola
  12 yellow draconians
  3 green deaths
  6 deep elf death magi
  A death ooze (Swamp:4)
  9 ettins
  5 deep elf high priests
  A quicksilver dragon zombie (Depths:3)
  17 yaktaur captains
  A great orb of eyes (shapeshifter) (Depths:4)
  12 jiangshi
  8 great orbs of eyes
  14 fire dragons
  24 hydras
  13 ice dragons
  4 rakshasas
  2 monstrous demonspawn
  5 shambling mangroves
  24 vault guards (Vaults:5)
  Erolcha (Orc:1)
  A merfolk avatar (Lair:6)
  2 hell beasts (Swamp:4)
  8 spriggan air magi
  4 death knights
  7 centaur warriors
  12 ogre magi
  3 ghost crabs (Lair:3)
  36 two-headed ogres
  24 dancing weapons
  8 deep troll earth magi
  10 alligators
  4 tengu warriors (Depths:1)
  3 hell hogs (Abyss:3)
  7 deep troll shamans
  The ghost of AlexTheUnready the Zephyrmancer, a journeyman TeAE of Vehumet (D:11)
  3 thrashing horrors
  Urug (Orc:1)
  7 vampire magi
  5 orc high priests
  5 soul eaters
  3 storm dragon zombies (Crypt:3)
  29 deep elf knights
  5 spriggan berserkers
  Nergalle (Lair:2)
  A sixfirhy (Depths:3)
  A sun demon (Depths:2)
  3 iron trolls
  4 fire crabs (Lair:3)
  A shadow wraith (Crypt:2)
  The ghost of AlexTheUnready the Covert, a novice VSAs of Yredelemnul (Lair:2)
  A spatial maelstrom (Abyss:3)
  26 skeletal warriors
  A sea snake (Lair:6)
  6 hell knights (Depths:3)
  2 spriggan druids (Swamp:4)
  A cherub (D:6)
  A glowing orange brain (shapeshifter) (Depths:5)
  An unseen horror (D:11)
  9 glowing orange brains
  A shadow demon (D:15)
  A deep troll (shapeshifter) (Elf:3)
  4 golden dragon zombies (Crypt:3)
  3 gelid demonspawn
  4 flayed ghosts
  5 wizards
  29 deep elf archers
  29 deep trolls
  11 ironbrand convokers
  7 necromancers
  9 swamp dragons
  A lindwurm (shapeshifter) (Depths:2)
  2 lindwurms
  15 phantasmal warriors
  An orange crystal statue (Elf:2)
  2 wolf spider zombies
  17 orc knights
  A frost giant zombie (Depths:3)
  A cyclops (shapeshifter) (Vaults:5)
  8 cyclopes
  A shadow dragon skeleton (Depths:1)
  A harpy (Lair:6)
  3 manticores
  8 orc sorcerers
  37 wolf spiders
  A sphinx skeleton (Depths:3)
  54 ugly things
  17 orb spiders
  2 stone giant zombies
  86 deep elf magi
  12 vault sentinels
  2 frost giant skeletons
  A rust devil (Depths:4)
  4 molten gargoyles (Elf:2)
  24 moths of wrath
  5 elephants (Lair:6)
  2 black mambas
  2 gargoyles
  18 spiny frogs
  7 orange demons
  An eye of devastation (shapeshifter) (Vaults:5)
  A torpor snail (shapeshifter) (Vaults:5)
  An apocalypse crab (Lair:3)
  A purple draconian zombie (Crypt:3)
  A spriggan zombie (Depths:2)
  3 torpor snails
  A spiny frog (shapeshifter) (D:10)
  6 freezing wraiths
  Maggie (D:6)
  5 spectral swamp worms (Depths:4)
  A tormentor (Depths:2)
  5 komodo dragons
  5 rime drakes
  13 demonic crawlers
  A purple draconian skeleton (Crypt:2)
  A queen bee (D:10)
  2 hellwings
  2 ice devils
  2 red devils
  A tengu conjurer (Depths:1)
  2 ancient zymes (Abyss:3)
  72 yaktaurs
  3 meliai (shapeshifter)
  5 polar bears (Lair:6)
  A merfolk (shapeshifter) (Vaults:5)
  14 tyrant leeches
  25 hornets
  37 jumping spiders
  A jumping spider (shapeshifter) (Depths:4)
  8 trolls
  9 blink frogs
  2 raiju (Gauntlet)
  2 frost giant simulacra (Depths:2)
  A stone giant simulacrum (Vaults:1)
  48 slime creatures
  A harpy skeleton (Crypt:3)
  A fire dragon zombie (Crypt:2)
  A raiju (shapeshifter) (Depths:1)
  A hydra skeleton (Crypt:1)
  An ice dragon zombie (Crypt:3)
  20 bog bodies
  2 ettin zombies (Crypt:3)
  13 hippogriffs
  3 air elementals
  2 fire dragon skeletons
  21 vampires (Crypt:3)
  A black mamba zombie (Crypt:3)
  3 centaur simulacra (Gauntlet)
  A deep troll skeleton (Depths:1)
  A meliai zombie (Crypt:2)
  2 ettin skeletons
  3 flying skulls (Crypt:1)
  46 redbacks
  30 yaks
  2 ynoxinuls
  3 spriggans
  32 tarantellas
  8 water elementals
  6 wraiths
  8 shadows
  A tyrant leech zombie (Crypt:2)
  4 hogs (D:7)
  8 wyverns
  3 hogs (shapeshifter)
  6 basilisks
  6 fire elementals
  A human (D:7)
  11 vampire mosquitoes
  2 chaos spawn
  3 neqoxecs
  A hungry ghost (D:15)
  Menkaure (Ossuary)
  16 swamp worms
  A spiny frog zombie (Crypt:3)
  A swamp worm (shapeshifter) (Vaults:5)
  A soldier ant (D:15)
  4 insubstantial wisps (Swamp:1)
  A faun zombie (Crypt:1)
  2 hell hounds (Spider:1)
  5 large abominations
  9 wargs
  A water nymph skeleton (Crypt:2)
  A hydra simulacrum (Crypt:3)
  Duvessa (D:6)
  13 swamp drakes
  16 water moccasins
  A floating eye (shapeshifter) (Elf:1)
  A floating eye (Depths:4)
  7 porcupines
  36 orc warriors
  A swamp dragon zombie (Crypt:1)
  A fire dragon simulacrum (Crypt:2)
  A snapping turtle zombie (Crypt:2)
  2 manticore zombies
  An eye of draining (shapeshifter) (Depths:1)
  An ogre (shapeshifter) (Vaults:5)
  45 ogres
  2 sky beasts
  4 eyes of draining
  13 boggarts
  3 necrophages
  7 wolves
  A phantom (D:6)
  17 centaurs
  A manticore skeleton (Crypt:2)
  14 crocodiles
  A fire crab zombie (Crypt:3)
  2 big kobolds
  18 bullfrogs
  4 earth elementals
  A komodo dragon skeleton (Crypt:2)
  A wyvern zombie (D:14)
  2 glowing shapeshifter simulacra
  Dowan (D:6)
  A water moccasin zombie (D:7)
  6 scorpions
  A small abomination (Abyss:3)
  A scorpion (shapeshifter) (Vaults:5)
  An orc simulacrum (Vaults:2)
  A shapeshifter zombie (Crypt:2)
  A troll zombie (Crypt:3)
  38 killer bees
  A raiju skeleton (Crypt:3)
  3 wights (D:8)
  3 electric eels (Lair:3)
  2 howler monkeys
  12 crimson imps
  2 bullfrog zombies
  A centaur zombie (D:7)
  A quasit (D:9)
  5 hounds
  4 wyvern simulacra (Gauntlet)
  2 bullfrog skeletons (D:10)
  3 jellies
  Crazy Yiuf (D:7)
  4 centaur skeletons
  31 orc priests
  24 orc wizards
  2 iron imps (Depths:2)
  6 iguanas
  10 worker ants
  A lightning spire (Gauntlet)
  A crocodile zombie (Crypt:3)
  A killer bee zombie (D:8)
  A bullfrog simulacrum (Gauntlet)
  2 hound zombies
  2 acid dragon skeletons (Crypt:3)
  A naga skeleton (Crypt:1)
  3 hound skeletons
  3 mummies (Ossuary)
  Robin (D:4)
  4 gnolls
  2 worker ant zombies
  A howler monkey skeleton (D:11)
  15 adders
  2 shadow imps (Depths:2)
  3 white imps
  An ufetubus (Depths:2)
  4 oozes
  A worm zombie (Crypt:1)
  An adder zombie (D:8)
  An iguana zombie (Crypt:1)
  5 worms
  3 dart slugs
  4 leopard geckos
  131 orcs
  A ball python (D:2)
  3 bats
  6 giant cockroaches
  2 gnoll zombies (Ossuary)
  13 goblins
  7 hobgoblins
  14 kobolds
  5 quokkas
  7 frilled lizards
  3 gnoll skeletons
  4 goblin skeletons (Ossuary)
  4 goblin zombies
  5 hobgoblin skeletons (Ossuary)
  2 hobgoblin zombies (Ossuary)
  A jackal skeleton (D:4)
  5 kobold skeletons (Ossuary)
  5 kobold zombies (Ossuary)
  A leopard gecko skeleton (D:5)
  4 orc skeletons (Ossuary)
  4 orc zombies (Ossuary)
  2 quokka skeletons
  A quokka zombie (D:8)
  5 rats
  5 rat skeletons
  8 rat zombies (Ossuary)
  A butterfly (Lair:3)
  3 crawling corpses (Elf:2)
  4 fungi
  A lurking horror (Abyss:3)
  6 plants
  A withered plant (Swamp:2)
2631 creatures vanquished.

Vanquished Creatures (others)
  5 deep elf knights
  A wizard (Depths:2)
  2 deep elf magi
  A deep elf archer (Elf:2)
  A harpy skeleton (Crypt:2)
  A boggart (Depths:2)
  An orc (Orc:1)
  A kobold zombie (Ossuary)
  A rat skeleton (Ossuary)
  5 fungi
  23 plants
  5 starspawn tentacles (Abyss:3)
  15 withered plants (Swamp:2)
62 creatures vanquished.

Grand Total: 2693 creatures vanquished

Notes
Turn   | Place    | Note
-------+----------+-------------------------------------------
     0 | D:1      | AlexTheUnready the Minotaur Fighter began the quest for the
                  | Orb.
     0 | D:1      | Reached XP level 1. HP: 19/19 MP: 0/0
   365 | D:1      | Reached XP level 2. HP: 24/27 MP: 1/1
  1029 | D:2      | Reached XP level 3. HP: 20/33 MP: 2/2
  1263 | D:2      | Found an iron altar of Okawaru.
  1283 | D:2      | Became a worshipper of Warmaster Okawaru
  1781 | D:3      | Reached XP level 4. HP: 37/40 MP: 3/3
  2034 | D:3      | Reached XP level 5. HP: 40/46 MP: 4/4
  2135 | D:3      | Found a glowing golden altar of the Shining One.
  2176 | D:4      | Noticed an ogre
  2191 | D:4      | Noticed Robin
  2430 | D:3      | Found an iron altar of Okawaru.
  2492 | D:3      | Reached skill level 1 in Invocations
  2871 | D:3      | Reached skill level 5 in Axes
  3142 | D:4      | Killed an ogre
  3142 | D:4      | Reached * piety under Okawaru
  3142 | D:4      | Reached XP level 6. HP: 30/53 MP: 5/5
  3382 | D:4      | Killed Robin
  3709 | D:4      | Found Ugrorra's Distillery.
  3752 | D:4      | Bought a potion of degeneration for 12 gold pieces
  3752 | D:4      | Bought 2 potions of heal wounds for 120 gold pieces
  3809 | D:4      | Reached skill level 5 in Armour
  3946 | D:4      | Reached XP level 7. HP: 60/60 MP: 7/7
  4050 | D:4      | Found a basalt altar of Yredelemnul.
  4052 | D:4      | Found a shadowy altar of Dithmenos.
  4413 | D:4      | Reached ** piety under Okawaru
  4631 | D:5      | Entered Level 5 of the Dungeon
  4789 | D:5      | Found an ornate altar of the Wu Jian Council.
  4789 | D:5      | Found a shattered altar of Ashenzari.
  4790 | D:5      | Found a sacrificial altar of Ru.
  5330 | D:5      | Reached skill level 5 in Fighting
  6200 | D:6      | Noticed Maggie
  6222 | D:6      | Killed Maggie
  6222 | D:6      | Reached XP level 8. HP: 23/68 MP: 5/9
  6500 | D:6      | Found a stormy altar of Qazlal.
  6784 | D:6      | Reached skill level 1 in Throwing
  6784 | D:6      | Reached skill level 5 in Shields
  7217 | D:7      | Reached *** piety under Okawaru
  7260 | D:7      | Noticed Dowan
  7623 | D:7      | Noticed Duvessa
  7888 | D:6      | Reached skill level 10 in Axes
  8075 | D:6      | Killed Duvessa
  8077 | D:6      | Killed Dowan
  8097 | D:7      | Reached XP level 9. HP: 60/75 MP: 10/10
  8373 | D:7      | Found a staircase to the Ecumenical Temple.
  8566 | D:7      | Reached **** piety under Okawaru
  9226 | D:7      | Found a runed translucent door.
  9227 | D:7      | Noticed Crazy Yiuf
  9349 | D:7      | Killed Crazy Yiuf
  9474 | D:4      | Bought a potion of cancellation for 96 gold pieces
  9474 | D:4      | Bought a potion of haste for 120 gold pieces
  9474 | D:4      | Bought a potion of mutation for 96 gold pieces
  9908 | D:8      | Found an opulent altar of Gozag.
 10158 | D:8      | Found a sand-covered staircase.
 10166 | Ossuary  | Entered an ossuary
 10564 | Ossuary  | Noticed Menkaure
 10573 | Ossuary  | Killed Menkaure
 10578 | Ossuary  | Reached XP level 10. HP: 24/84 MP: 12/12
 10602 | Ossuary  | Reached ***** piety under Okawaru
 11019 | D:8      | Reached skill level 5 in Invocations
 11438 | D:8      | Found a hide-covered altar of Uskayaw.
 12220 | D:9      | Found a bloodstained altar of Trog.
 12351 | D:9      | Noticed a death knight
 12380 | D:9      | Killed a death knight
 12380 | D:9      | Received a gift from Okawaru
 12808 | D:9      | Found Wirriur's Armour Shoppe.
 12830 | D:9      | Found a staircase to the Orcish Mines.
 13153 | D:10     | Entered Level 10 of the Dungeon
 13236 | D:10     | Noticed a spiny frog
 13236 | D:10     | a polar bear changed into a spiny frog
 13240 | D:10     | Killed a spiny frog
 13429 | D:10     | Noticed a six-headed hydra
 13442 | D:10     | Killed a six-headed hydra
 13707 | D:10     | Reached skill level 2 in Throwing
 13717 | D:10     | Reached XP level 11. HP: 79/92 MP: 14/14
 13855 | D:10     | Received a gift from Okawaru
 14209 | D:10     | Found a staircase to the Lair.
 15165 | D:10     | Reached skill level 15 in Axes
 15982 | Lair:1   | Entered Level 1 of the Lair of Beasts
 16830 | Lair:2   | Found a runed translucent gate.
 16830 | Lair:2   | Found a runed translucent gate.
 16830 | Lair:2   | Found a runed translucent gate.
 17353 | Lair:2   | Noticed Nergalle
 17374 | Lair:2   | Killed Nergalle
 17525 | Lair:2   | Noticed AlexTheUnready's ghost (novice VSAs)
 17530 | Lair:2   | Noticed a minotaur
 17597 | Lair:2   | Received a gift from Okawaru
 17600 | Lair:2   | Got a pair of transparent boots {god gift}
 17606 | Lair:2   | Identified the +1 pair of boots of Ycuots {rPois rN+}
                  | (Okawaru gifted it to you on level 2 of the Lair of Beasts)
 17849 | Lair:3   | Found a gate leading to a gauntlet.
 17849 | Lair:3   | Found a staircase to the Swamp.
 17854 | Lair:3   | Reached XP level 12. HP: 93/103 MP: 16/16
 17882 | Gauntlet | Entered a Gauntlet
 17882 | Gauntlet | Found a transporter.
 17882 | Gauntlet | Found a transporter.
 17882 | Gauntlet | Noticed a catoblepas
 17973 | Gauntlet | Found a transporter.
 17976 | Gauntlet | Found a transporter.
 17993 | Gauntlet | Found a transporter.
 18001 | Gauntlet | Found a transporter.
 18005 | Gauntlet | Found a transporter.
 18009 | Gauntlet | Found a runed translucent door.
 18009 | Gauntlet | Found a runed translucent door.
 18013 | Gauntlet | Found a transporter.
 18029 | Gauntlet | Found a transporter.
 18043 | Gauntlet | Found a transporter.
 18047 | Gauntlet | Found a transporter.
 18055 | Gauntlet | Found a transporter.
 18461 | Gauntlet | Got a jewelled hat
 18477 | Gauntlet | Identified the +2 hat of Hopscotch {-Tele rC+ rN+ Regen+}
                  | (You found it in a Gauntlet)
 18515 | Gauntlet | Noticed a minotaur
 18538 | Gauntlet | Killed a minotaur
 19037 | Lair:3   | Found a hole to the Spider Nest.
 19161 | Lair:3   | Found a runed translucent door.
 19713 | Lair:3   | Reached ****** piety under Okawaru
 20392 | Lair:3   | Noticed an entropy weaver
 20404 | Lair:3   | Killed an entropy weaver
 20404 | Lair:3   | Reached skill level 10 in Armour
 20490 | Lair:3   | Noticed an entropy weaver
 20504 | Lair:3   | Killed an entropy weaver
 20504 | Lair:3   | Received a gift from Okawaru
 20614 | Lair:3   | Noticed an entropy weaver
 21083 | Lair:3   | Killed an entropy weaver
 21111 | Lair:3   | Noticed a ghost crab
 21117 | Lair:3   | Killed a ghost crab
 21239 | Lair:3   | Noticed a ghost crab
 21253 | Lair:3   | Killed a ghost crab
 21258 | Lair:3   | Noticed a ghost crab
 21264 | Lair:3   | Killed a ghost crab
 21264 | Lair:3   | Reached XP level 13. HP: 60/112 MP: 15/18
 21539 | Lair:3   | Noticed an entropy weaver
 21545 | Lair:3   | Killed an entropy weaver
 21565 | Lair:3   | Found the +8 autumn katana {vorpal, Clar}
 21572 | Lair:3   | Got a heavily runed jade ring
 21577 | Lair:3   | Identified the ring "Netonwef" {rCorr Slay+5} (You found it
                  | on level 3 of the Lair of Beasts)
 22297 | Lair:4   | Reached skill level 10 in Shields
 22790 | Lair:4   | Received a gift from Okawaru
 22790 | Lair:4   | Reached skill level 10 in Fighting
 23141 | Lair:5   | Received a gift from Okawaru
 23144 | Lair:5   | Got an iridescent war axe {god gift}
 23145 | Lair:5   | Identified the +7 war axe "Veib" {holy, rC+++ rN+ Int-2
                  | Stlth+} (Okawaru gifted it to you on level 5 of the Lair of
                  | Beasts)
 23465 | Lair:5   | Noticed a fire dragon
 23479 | Lair:5   | Killed a fire dragon
 23771 | Lair:5   | Reached skill level 4 in Throwing
 23771 | Lair:5   | Reached XP level 14. HP: 124/124 MP: 19/19
 23972 | Lair:6   | Entered Level 6 of the Lair of Beasts
 23972 | Lair:6   | Found a staircase to the Slime Pits.
 23972 | Lair:6   | Found a viscous altar of Jiyva.
 24132 | Lair:6   | Reached skill level 5 in Throwing
 24667 | Lair:6   | Received a gift from Okawaru
 25837 | Orc:1    | Entered Level 1 of the Orcish Mines
 25837 | Orc:1    | Noticed Urug
 25846 | Orc:1    | Killed Urug
 25846 | Orc:1    | Reached XP level 15. HP: 127/132 MP: 20/20
 25915 | Orc:2    | Entered Level 2 of the Orcish Mines
 25967 | Orc:2    | Found a staircase to the Elven Halls.
 25970 | Orc:2    | Reached skill level 6 in Throwing
 26641 | Orc:2    | Found Buduah Ujiu's Assorted Antiques.
 27363 | Orc:1    | Noticed Erolcha
 27562 | Orc:1    | Killed Erolcha
 27786 | Orc:2    | Received a gift from Okawaru
 27818 | Orc:2    | Found Zizxecai's Antique Weapon Emporium.
 27823 | Orc:2    | Bought a sparkling lapis lazuli ring for 135 gold pieces
 27825 | Orc:2    | Found Focrucw's Antique Armour Emporium.
 27827 | Orc:2    | Found Obehiuse's General Store.
 27837 | Orc:2    | Bought 2 potions of heal wounds for 130 gold pieces
 27837 | Orc:2    | Bought a scroll of identify for 26 gold pieces
 27837 | Orc:2    | Bought a potion of haste for 130 gold pieces
 27887 | Orc:2    | Identified the ring "Jebbod" {MR+ rCorr Int-3 Dex+4} (You
                  | bought it in a shop on level 2 of the Orcish Mines)
 28021 | Spider:1 | Entered Level 1 of the Spider Nest
 28054 | Spider:1 | Noticed Louise
 28065 | Spider:1 | Cast into level 3 of the Abyss (Louise)
 28160 | Abyss:3  | Noticed a tentacled starspawn
 28183 | Abyss:3  | Killed a tentacled starspawn
 28206 | Abyss:3  | Noticed a revenant
 28212 | Abyss:3  | Killed a revenant
 28212 | Abyss:3  | Received a gift from Okawaru
 28290 | Spider:1 | Escaped the Abyss
 28305 | Spider:1 | Killed Louise
 28352 | Spider:1 | Received a gift from Okawaru
 28553 | Spider:1 | Noticed Azrael
 28567 | Spider:1 | Killed Azrael
 28570 | Spider:1 | Reached skill level 7 in Throwing
 28736 | Spider:1 | Noticed Jorgrun
 28745 | Spider:1 | Killed Jorgrun
 29306 | Spider:2 | Reached XP level 16. HP: 143/146 MP: 21/21
 29315 | Spider:2 | Reached skill level 8 in Throwing
 30253 | Spider:2 | Reached skill level 15 in Fighting
 30433 | Spider:2 | Noticed Nikola
 30444 | Spider:2 | Killed Nikola
 30444 | Spider:2 | Received a gift from Okawaru
 31940 | Spider:3 | Reached skill level 15 in Shields
 32008 | Spider:3 | Got a masterwork chain mail
 32019 | Spider:3 | Identified the +4 chain mail "Atod" {rN+ MR+ Dex-2 SInv}
                  | (You found it on level 3 of the Spider Nest)
 32897 | Swamp:1  | Entered Level 1 of the Swamp
 33010 | Swamp:1  | Reached skill level 15 in Armour
 34273 | Swamp:2  | Received a gift from Okawaru
 34667 | Swamp:2  | Received a gift from Okawaru
 34923 | Swamp:2  | Received a gift from Okawaru
 35046 | Swamp:2  | Reached XP level 17. HP: 76/160 MP: 22/22
 36050 | Swamp:3  | Reached skill level 9 in Throwing
 36855 | D:11     | Found a runed translucent gate.
 36855 | D:11     | Found a runed translucent gate.
 36856 | D:11     | Found a runed translucent gate.
 36858 | D:11     | Noticed AlexTheUnready's ghost (journeyman TeAE)
 38099 | D:12     | Found a shimmering altar of Xom.
 38956 | D:13     | Found a gate to the Vaults.
 38960 | D:13     | Received a gift from Okawaru
 39103 | D:13     | Found Ofuir's General Store.
 39119 | D:13     | Bought a potion of haste for 170 gold pieces
 39996 | D:14     | Found the +2 cloak of the Thief {+Fog Slay-2 SInv Stlth+}
 39996 | D:14     | Found a runed translucent door.
 40070 | D:14     | Got a smoking battleaxe
 40071 | D:14     | Identified the +8 battleaxe "Fyrrokh" {antimagic, *Noise
                  | Str+4 Dex+2} (You found it on level 14 of the Dungeon)
 40373 | D:15     | Entered Level 15 of the Dungeon
 40898 | D:15     | Received a gift from Okawaru
 40931 | D:15     | Found a staircase to the Depths.
 41353 | Spider:4 | Entered Level 4 of the Spider Nest
 42332 | Spider:4 | Received a gift from Okawaru
 42350 | Spider:4 | Reached XP level 18. HP: 164/176 MP: 0/23
 42384 | Spider:4 | Reached skill level 10 in Throwing
 42388 | Spider:4 | Received a gift from Okawaru
 43219 | Spider:4 | Got a gossamer rune of Zot
 43470 | Swamp:4  | Entered Level 4 of the Swamp
 43483 | Swamp:4  | Received a gift from Okawaru
 44399 | Swamp:4  | Reached skill level 11 in Throwing
 44705 | Swamp:4  | Got a decaying rune of Zot
 44739 | Swamp:4  | Received a gift from Okawaru
 45231 | Vaults:1 | Entered Level 1 of the Vaults
 45614 | Vaults:1 | Found Irhuh's Assorted Antiques.
 45622 | Vaults:1 | Bought a potion of heal wounds for 220 gold pieces
 45638 | Vaults:1 | Reached skill level 12 in Throwing
 45856 | Vaults:1 | Noticed an Ice Fiend
 45865 | Vaults:1 | Received a gift from Okawaru
 45866 | Vaults:1 | Got a polished hand axe {god gift}
 45889 | Vaults:1 | Identified the +1 hand axe of the Tundras {flame, rN+++
                  | Int+2 Dex-5 Stlth+} (Okawaru gifted it to you on level 1 of
                  | the Vaults)
 46521 | Vaults:1 | Found Lamats's Assorted Antiques.
 46868 | Vaults:1 | Found Goozolun's Book Boutique.
 46880 | Vaults:1 | Reached XP level 19. HP: 187/187 MP: 24/24
 47045 | Vaults:1 | Found a huge runed gate.
 47045 | Vaults:1 | Found a huge runed gate.
 47045 | Vaults:1 | Found a huge runed gate.
 47045 | Vaults:1 | Found a huge runed gate.
 47045 | Vaults:1 | Found a huge runed gate.
 47045 | Vaults:1 | Found a huge runed gate.
 47046 | Vaults:1 | Found a huge runed gate.
 47056 | Vaults:1 | Found a huge runed gate.
 47056 | Vaults:1 | Found a huge runed gate.
 47059 | Vaults:1 | Found a huge runed gate.
 47059 | Vaults:1 | Found a huge runed gate.
 47059 | Vaults:1 | Found a huge runed gate.
 47059 | Vaults:1 | Found a huge runed gate.
 47059 | Vaults:1 | Found a huge runed gate.
 47059 | Vaults:1 | Found a huge runed gate.
 47059 | Vaults:1 | Found a huge runed gate.
 47060 | Vaults:1 | Found a huge runed gate.
 47061 | Vaults:1 | Found a huge runed gate.
 47069 | Vaults:1 | Found a huge runed gate.
 47069 | Vaults:1 | Found a huge runed gate.
 47069 | Vaults:1 | Found a huge runed gate.
 47069 | Vaults:1 | Found a huge runed gate.
 47069 | Vaults:1 | Found a huge runed gate.
 47069 | Vaults:1 | Found a huge runed gate.
 47069 | Vaults:1 | Found a huge runed gate.
 47131 | Vaults:1 | Found a huge runed gate.
 47132 | Vaults:1 | Found a huge runed gate.
 47141 | Vaults:1 | Found a huge runed gate.
 47141 | Vaults:1 | Found a huge runed gate.
 47141 | Vaults:1 | Found a huge runed gate.
 47141 | Vaults:1 | Found a huge runed gate.
 47141 | Vaults:1 | Found a huge runed gate.
 47141 | Vaults:1 | Found a huge runed gate.
 47142 | Vaults:1 | Found a huge runed gate.
 47143 | Vaults:1 | Found a huge runed gate.
 47144 | Vaults:1 | Found a huge runed gate.
 47227 | Vaults:1 | Received a gift from Okawaru
 47455 | Swamp:4  | Got a smoking hat {god gift}
 47461 | Swamp:4  | Identified the +2 hat "Soni" {-Cast MR+ Stlth+} (Okawaru
                  | gifted it to you on level 4 of the Swamp)
 47701 | Vaults:1 | Found Tanoomob's Magic Scroll Shoppe.
 47709 | Vaults:1 | Bought a scroll of enchant armour for 112 gold pieces
 47709 | Vaults:1 | Bought a scroll of enchant armour for 112 gold pieces
 47764 | Vaults:1 | Received a gift from Okawaru
 48220 | Vaults:2 | Found Lavvaar's Food Boutique.
 48466 | Vaults:2 | Noticed Jory
 48479 | Vaults:2 | Killed Jory
 48970 | Vaults:2 | Received a gift from Okawaru
 50829 | Vaults:3 | Found a staircase to the Crypt.
 51501 | Vaults:3 | Reached skill level 13 in Throwing
 52281 | Vaults:4 | Received a gift from Okawaru
 52522 | Vaults:4 | Reached XP level 20. HP: 202/202 MP: 25/25
 52917 | Vaults:4 | Received a gift from Okawaru
 53381 | Vaults:4 | Received a gift from Okawaru
 54243 | Vaults:2 | Got a pair of distressingly furry gloves {god gift}
 54297 | Vaults:2 | Identified the +5 pair of gloves of Ciarghin {rF+} (Okawaru
                  | gifted it to you on level 2 of the Vaults)
 54515 | Elf:1    | Entered Level 1 of the Elven Halls
 55066 | Elf:1    | Found a runed translucent gate.
 55066 | Elf:1    | Found a runed translucent gate.
 55066 | Elf:1    | Found a runed translucent gate.
 55066 | Elf:1    | Found a runed translucent gate.
 55066 | Elf:1    | Found a runed translucent gate.
 55068 | Elf:1    | Found a runed translucent gate.
 55338 | Elf:1    | Noticed Roxanne
 55352 | Elf:1    | Killed Roxanne
 56120 | Elf:2    | Received a gift from Okawaru
 56137 | Elf:2    | Received a gift from Okawaru
 56584 | Elf:2    | Reached skill level 14 in Throwing
 56662 | Elf:2    | Reached XP level 21. HP: 211/211 MP: 26/26
 56727 | Elf:2    | Found Irupoi's Gadget Shoppe.
 56962 | Elf:2    | Found a runed translucent gate.
 56963 | Elf:2    | Found a runed translucent gate.
 56965 | Elf:2    | Found a runed translucent gate.
 57275 | Elf:2    | Received a gift from Okawaru
 58072 | Crypt:1  | Entered Level 1 of the Crypt
 58132 | Crypt:1  | Reached skill level 15 in Throwing
 59103 | Crypt:2  | Reached skill level 16 in Throwing
 60392 | Depths:1 | Entered Level 1 of the Depths
 60628 | Depths:1 | Reached skill level 17 in Throwing
 60639 | Depths:1 | Received a gift from Okawaru
 60658 | Depths:1 | Noticed Saint Roka
 61019 | Depths:1 | Killed Saint Roka
 61309 | Depths:1 | Received a gift from Okawaru
 61348 | Depths:1 | Found a gateway to Hell.
 61785 | Depths:1 | Reached skill level 18 in Throwing
 62083 | Depths:1 | Identified Cum Tuh's Tome of the Twisted Snowflakes
 62132 | Depths:1 | Noticed Asterion
 62145 | Depths:1 | Killed Asterion
 62431 | Depths:2 | Found a gateway to a ziggurat.
 62545 | Depths:2 | Reached XP level 22. HP: 195/220 MP: 27/27
 62757 | Depths:2 | Noticed Sojobo
 63117 | Depths:2 | Noticed a golden dragon
 63139 | Depths:2 | Killed a golden dragon
 63196 | Depths:2 | Reached skill level 19 in Throwing
 63747 | Depths:2 | Found a snail-covered altar of Cheibriados.
 64077 | Depths:2 | Found a one-way gate leading to the halls of Pandemonium.
 64081 | Depths:2 | Received a gift from Okawaru
 64717 | Depths:2 | Received a gift from Okawaru
 64732 | Depths:2 | Killed Sojobo
 65074 | Depths:3 | Noticed a juggernaut
 65228 | Depths:2 | Received a gift from Okawaru
 65229 | Depths:2 | Killed a juggernaut
 65229 | Depths:2 | Reached skill level 20 in Throwing
 65727 | Depths:3 | Received a gift from Okawaru
 65770 | Depths:3 | Got an ancient broad axe {god gift}
 65771 | Depths:3 | Identified the +5 broad axe of the Shark {flame, rElec
                  | rPois MP+9 Str-3 Int-5} (Okawaru gifted it to you on level
                  | 3 of the Depths)
 66170 | Depths:3 | Reached skill level 21 in Throwing
 66345 | Depths:3 | Received a gift from Okawaru
 66434 | Depths:3 | Found a blossoming altar of Fedhas.
 66503 | Depths:3 | Reached XP level 23. HP: 182/226 MP: 28/28
 66997 | Depths:4 | Received a gift from Okawaru
 66998 | Depths:4 | Paralysed by a floating eye for 4 turns
 67254 | Depths:4 | Noticed Mara
 67714 | Depths:4 | Noticed AlexTheUnready's illusion
 67725 | Depths:4 | Killed Mara
 67748 | Depths:4 | Cast into level 3 of the Abyss (vampire knight)
 67760 | Depths:4 | Escaped the Abyss
 67856 | Depths:4 | Reached skill level 22 in Throwing
 67981 | Depths:4 | Received a gift from Okawaru
 68194 | Depths:4 | Received a gift from Okawaru
 68197 | Depths:4 | Got a masterwork hat {god gift}
 68233 | Depths:4 | Identified the +0 hat "Munuixtu" {Harm rElec rPois}
                  | (Okawaru gifted it to you on level 4 of the Depths)
 68375 | Depths:4 | Found a one-way gate to the infinite horrors of the Abyss.
 68689 | Depths:4 | Found Niuddayr's Jewellery Boutique.
 68697 | Depths:4 | Found Evvuovah's Assorted Antiques.
 68700 | Depths:4 | Bought the ring "Kyggoho" {MR+ MP+9 SInv} for 736 gold
                  | pieces
 68700 | Depths:4 | Bought the ring of Xagem {rC+ MR+ Str+3 Stlth-} for 668
                  | gold pieces
 68918 | Depths:5 | Entered Level 5 of the Depths
 69306 | Depths:5 | Reached skill level 23 in Throwing
 69935 | Depths:5 | Noticed a caustic shrike
 69935 | Depths:5 | Noticed a caustic shrike
 69936 | Depths:5 | Noticed a caustic shrike
 69949 | Depths:5 | Killed a caustic shrike
 69955 | Depths:5 | Killed a caustic shrike
 69964 | Depths:5 | Killed a caustic shrike
 69976 | Depths:5 | Received a gift from Okawaru
 70240 | Depths:5 | Reached XP level 24. HP: 235/235 MP: 28/28
 70396 | Depths:5 | Noticed a juggernaut
 70408 | Depths:5 | Killed a juggernaut
 70408 | Depths:5 | Reached skill level 24 in Throwing
 70783 | Depths:5 | Found a gate to the Realm of Zot.
 71289 | Elf:3    | Entered Level 3 of the Elven Halls
 71603 | Elf:3    | Received a gift from Okawaru
 71604 | Elf:3    | Found the +3 crown of Dyrovepreva {rElec Int+2 SInv}
 72485 | Elf:3    | Identified the ring of Zoakuogu {rElec rPois rC- rN+ Str+4}
 72740 | Elf:3    | Found the +6 lightning scales {run, rElec}
 72756 | Elf:3    | Found the +0 sword of Power
 73056 | Elf:3    | Found the +7 great mace "Undeadhunter" {disrupt, rN+}
 73382 | Lair:1   | Reached XP level 25. HP: 243/243 MP: 28/29
 73431 | Lair:2   | Killed AlexTheUnready's ghost
 73535 | D:11     | Killed AlexTheUnready's ghost
 73738 | Crypt:3  | Entered Level 3 of the Crypt
 74625 | Crypt:3  | Received a gift from Okawaru
 75340 | Crypt:3  | Received a gift from Okawaru
 75359 | Crypt:3  | Reached XP level 26. HP: 190/250 MP: 29/29
 76078 | Crypt:3  | Identified the amulet "Cengy" {Reflect MR+ SH+5}
 76192 | Crypt:3  | Found a staircase to the Tomb.
 76333 | Crypt:3  | Identified Sif Muna's Grimoire of Congealing Stones
 76569 | Vaults:5 | Entered Level 5 of the Vaults
 76613 | Vaults:5 | Received a gift from Okawaru
 77057 | Vaults:5 | Found the cursed necklace of Bloodlust {*Rage +Rage MR++
                  | Int-3 Slay+6 *Curse}
 77084 | Vaults:5 | Got a silver rune of Zot
 77092 | Vaults:5 | Noticed an ancient lich
 77100 | Vaults:5 | Killed an ancient lich
 77211 | Vaults:5 | Reached skill level 25 in Throwing
 77255 | Vaults:5 | Noticed an ancient lich
 77270 | Vaults:5 | Killed an ancient lich
 77740 | Vaults:5 | Received a gift from Okawaru
 77926 | Vaults:5 | Received a gift from Okawaru
 77979 | Vaults:5 | Paralysed by a floating eye for 2 turns
 78165 | Vaults:5 | Found Hajoew's Antique Armour Shoppe.
 78222 | Vaults:5 | Found Jexkau's Antique Armour Shop.
 78326 | Vaults:5 | Received a gift from Okawaru
 78364 | Vaults:5 | Reached XP level 27. HP: 235/258 MP: 29/29
 78888 | Vaults:5 | Identified a scroll of acquirement
 79233 | Vaults:5 | Got a translucent chain mail
 79234 | Vaults:5 | Acquired 1940 gold pieces
 79236 | Vaults:5 | Identified the cursed +1 chain mail "Apturham" {+Inv rC+
                  | Regen+ Str-2} (You found it on level 5 of the Vaults)
 79624 | Zot:1    | Entered Level 1 of the Realm of Zot
 80510 | Zot:1    | Received a gift from Okawaru
 80853 | Zot:1    | Received a gift from Okawaru
 80889 | Zot:1    | Received a gift from Okawaru
 81030 | Zot:1    | Noticed an orb of fire
 81046 | Zot:1    | Killed an orb of fire
 81046 | Zot:1    | Received a gift from Okawaru
 81046 | Zot:1    | Reached skill level 10 in Invocations
 81166 | Zot:1    | Reached skill level 26 in Throwing
 82085 | Zot:2    | Found a transporter.
 82630 | Zot:2    | Received a gift from Okawaru
 82720 | Zot:2    | Received a gift from Okawaru
 82959 | Zot:2    | Found a transporter.
 83901 | Zot:3    | Reached skill level 27 in Throwing
 84135 | Zot:3    | Found a transporter.
 84396 | Zot:3    | Found a transporter.
 84398 | Zot:3    | Noticed Kaloloko's ghost (veteran DDFi)
 84842 | Zot:4    | Received a gift from Okawaru
 84848 | Zot:4    | Reached skill level 15 in Invocations
 85669 | Zot:5    | Entered Level 5 of the Realm of Zot
 86273 | Zot:5    | Noticed an orb of fire
 86440 | Zot:5    | Received a gift from Okawaru
 86448 | Zot:5    | Noticed an ancient lich
 86457 | Zot:5    | Killed an ancient lich
 86685 | Zot:5    | Noticed an orb of fire
 86688 | Zot:5    | Noticed an orb of fire
 86692 | Zot:5    | Killed an orb of fire
 86699 | Zot:5    | Killed an orb of fire
 86866 | Zot:5    | Noticed an ancient lich
 86872 | Zot:5    | Killed an ancient lich
 86927 | Zot:5    | Noticed an orb of fire
 86942 | Zot:5    | Gained mutation: Your body sometimes deteriorates upon
                  | taking damage. [an orb of fire]
 86944 | Zot:5    | Gained mutation: Armour fits poorly on your strangely
                  | shaped body. [an orb of fire]
 86946 | Zot:5    | Gained mutation: You occasionally shout uncontrollably at
                  | your foes. [an orb of fire]
 86949 | Zot:5    | Received a gift from Okawaru
 86950 | Zot:5    | Killed an orb of fire
 87436 | Lair:1   | Lost mutation: Armour fits poorly on your strangely shaped
                  | body. [potion of mutation]
 87436 | Lair:1   | Lost mutation: You occasionally shout uncontrollably at
                  | your foes. [potion of mutation]
 87436 | Lair:1   | Gained mutation: You are robust. (+10% HP) [potion of
                  | mutation]
 87436 | Lair:1   | Gained mutation: Your magical capacity is low. (-10% MP)
                  | [potion of mutation]
 87436 | Lair:1   | Gained mutation: Your movements are slightly less
                  | encumbered by armour. (ER -2) [potion of mutation]
 87437 | Lair:1   | Lost mutation: Your body sometimes deteriorates upon taking
                  | damage. [potion of mutation]
 87437 | Lair:1   | Lost mutation: Your magical capacity is low. (-10% MP)
                  | [potion of mutation]
 87437 | Lair:1   | Lost mutation: You are robust. (+10% HP) [potion of
                  | mutation]
 87437 | Lair:1   | Gained mutation: You are somewhat resistant to further
                  | mutation. [potion of mutation]
 88096 | Zot:5    | Got the Orb of Zot
 88656 | D:11     | Gained mutation: You are weak. (Str -2) [a cacodemon]
 88658 | D:11     | Gained mutation: Your body sometimes deteriorates upon
                  | taking damage. [a cacodemon]
 88667 | D:10     | Lost mutation: You are weak. (Str -2) [potion of mutation]
 88667 | D:10     | Lost mutation: Your movements are slightly less encumbered
                  | by armour. (ER -2) [potion of mutation]
 88667 | D:10     | Lost mutation: Your body sometimes deteriorates upon taking
                  | damage. [potion of mutation]
 88717 | D:9      | Noticed Feitasa the pandemonium lord
 88782 | D:6      | Noticed a seraph
 88796 | D:6      | Killed a seraph
 88905 | D:4      | Noticed Coigryl the pandemonium lord
 88914 | D:4      | Killed Coigryl the pandemonium lord
 88946 | D:4      | Noticed a seraph
 88968 | D:2      | Noticed Xeliohip the pandemonium lord
 89006 | D:$      | Escaped with the Orb!

Illustrated notes

Levels and vault maps discovered:
D:1:      dpeg_arrival_snail, layout_basic, minmay_misc_feat_four_crosses,
          chequers_serial_rivers_micro_a
D:2:      layout_rooms, minmay_misc_feat_roman, okawaru_ov_weapons_minmay
D:3:      layout_loops_corners, tso_altar, lemuel_crystal_altar
D:4:      layout_loops_ring, nicolae_overflow_hidden_temple, first_ration,
          serial_shops, shop, portal_sewer_entry_d, uniq_robin
D:5:      layout_cave_pods, gammafunk_temple_overflow_claw,
          serial_co_window_serial, co_window_corner_a, co_window_corner_a,
          co_window_corner_a, co_window_paths_b, co_window_corner_a,
          co_window_of_opportunity_c, co_window_cross_2,
          co_window_unsneaky_path_b, co_window_corner_b, co_window_corner_b,
          co_window_unsneaky_path_d, co_window_4corner_a, glass_columns_c,
          glass_columns_c
D:6:      layout_cave_pods, grunt_qazlal_clouds, uniq_maggie
D:7:      layout_cave_pools, temple_green, serial_park_tiny_pond,
          grunt_livestock, uniq_crazy_yiuf_cottage, uniq_duvessa
D:8:      layout_cave_pods, lemuel_round_altar, enter_ossuary_4, st_stairs_8,
          grunt_gozag_statues
D:9:      layout_loops_corners, trog_eyes_of_draining, orc_david_3
D:10:     layout_roguey [special_room_bee], minmay_lair_entry_grove
D:11:     layout_irregular_city, gammafunk_ghost_hydra_chop
D:12:     layout_gridville, tgw_xom
D:13:     layout_long_grid, erik_vaults_1, serial_shops, kennysheep_little_box,
          worms_lemuel
D:14:     layout_cave_pools, grunt_decor_fettered, kennysheep_treasure_room
D:15:     grunt_enter_depths_hoard, layout_basic, minivault_25_ag
Lair:1:   layout_cave_shapes
Lair:2:   layout_big_grid, maelrawn_ghost_gauntlet_escape, grunt_megastairs_5,
          lemuel_fruit_fields, uniq_nergalle
Lair:3:   gammafunk_mikee_crab_dinner, layout_gridlike, swamp_mist,
          nicolae_spider_entry_non_spiders, gauntlet_entry_generic,
          st_stairs_13, dpeg_stationary_puzzle, lemuel_fruit_fields
Lair:4:   layout_concentric_octagons, patterned_corridor, lemuel_fruit_tree
Lair:5:   dragon1_lemuel, layout_hall_layers, hibernation_bobbens
Lair:6:   gammafunk_lair_ancient_temple, layout_hall_layers, slime_altar_1
Swamp:1:  layout_basic_swamp, evilmike_swamp_ruin_house_1, swamp_pool2
Swamp:2:  layout_falls_marsh, hangedman_swamp_ruin_hall, swamp_pool4,
          st_shrine_of_shade
Swamp:3:  layout_falls_marsh, serial_swamp_ruin, evilmike_swamp_ruin_house_5,
          evilmike_swamp_ruin_rubble_1, evilmike_swamp_ruin_rubble_2
Swamp:4:  swamp_vile, layout_basic_swamp
Spider:1: layout_spider_delve, guppyfry_spider_mini_1, uniq_azrael, uniq_louise,
          uniq_jorgrun
Spider:2: layout_chambers, uniq_nikola
Spider:3: layout_spider_delve, hive_lemuel
Spider:4: grunt_spider_rune_parallel, hangedman_spider_mandibles
Orc:1:    layout_diamond_mine, uniq_urug, uniq_erolcha
Orc:2:    st_orc_elflike, layout_caves, nicolae_orc_pool_cavern
Elf:1:    layout_loops_cross, orc_legates, statue_in_the_mist_lemuel,
          hangedman_elf_targetted_burst, uniq_roxanne
Elf:2:    layout_loops_cross, serial_shops,
          nicolae_shop_temple_entry_statues_fountains, minivault_16,
          nicolae_elf_v_pinch, minivault_20, minivault_8
Elf:3:    elf_hall_gauntlet_wide, layout_onion_city, grunt_ministairs_7
Vaults:1: v_misc_12, nicolae_vaults_theta, nicolae_vaults_circle_grid_b,
          nicolae_vaults_inception_statues, vaults_door_vault,
          hangedman_vaults_restitches, ontoclasm_vaults_loading_screen,
          nicolae_vaults_disjoint_gnomons, grunt_vaults_diagonal,
          hangedman_vaults_river_flow, v_alt_pattern_1, nicolae_vaults_asterisk,
          vaults_room_ringed_pool, layout_vaults_omnibox, serial_shops, shop,
          shop, shop, shop
Vaults:2: hangedman_vaults_variations, ontoclasm_vaults_tryst,
          nicolae_vaults_alarming, nicolae_vaults_little_squares_4,
          nicolae_vaults_network_quinsquares
          [nicolae_vaults_network_quincunx_subvault,
          nicolae_vaults_network_quincunx_subvault,
          nicolae_vaults_network_quincunx_subvault,
          nicolae_vaults_network_quincunx_subvault], st_hourglassy,
          serial_ice_b, ontoclasm_vaults_loading_screen,
          nicolae_vaults_specimen_jars, vaults_room_stairs_pillars,
          layout_vaults_big_room, serial_shops, nicolae_shop_statue_plus,
          uniq_jory
Vaults:3: nicolae_vaults_network_barrier, vaults_room_hallway,
          nicolae_vaults_little_squares_3, v_pattern_2, ontoclasm_vaults_eye,
          ontoclasm_vaults_gateway, vaults_dpeg_ring,
          minmay_crypt_entry_simple_box, hangedman_vaults_capsules,
          layout_vaults_omnigrid
Vaults:4: v_alt_pattern_6, v_misc_31, hangedman_vaults_cutoff,
          vaults_dpeg_encased_lava, nicolae_vaults_octagons,
          hangedman_vaults_stitches, hangedman_vaults_restitches, v_pattern_4,
          vaults_dpeg_doors, nicolae_vaults_big_angled_halls,
          ontoclasm_vaults_decontamination, grunt_vaults_hallway_short,
          ontoclasm_vaults_pinch, layout_vaults_ring
Vaults:5: serial_shops
Crypt:1:  layout_gridlike
Crypt:2:  layout_basic, corner_web_ring, chequers_big_river, st_stairs_6
Crypt:3:  due_elkab, layout_chaotic_city, nicolae_tomb_entry_rubble_hallway,
          grunt_ministairs_5
Depths:1: layout_long_grid, bh_walls_and_bars, hangedman_coc_ice_floe,
          minmay_hollow_rounded_squares, uniq_saint_roka, uniq_asterion
Depths:2: minmay_triangles_in_corner, layout_long_grid, enter_ziggurat_f,
          grunt_pan_entry_spiral, hell_entry, columned_hall_lemuel,
          cheibriados_altar_1, uniq_sojobo
Depths:3: minmay_ambush_box, layout_cave_shapes, lemuel_round_altar, hell_entry,
          rand_demon_pan_entry_7, infiniplex_staircase_pillars_3a,
          serial_bayou_shore_a
Depths:4: four-leaf_vault, layout_cave_pools, abyss_entry,
          rand_demon_pan_entry_8, pf_hell_entry_tar_river, minmay_shop_star,
          uniq_mara
Depths:5: grunt_runaround [grunt_runaround_doors_1, grunt_runaround_doors_2,
          grunt_runaround_doors_3, grunt_runaround_doors_4,
          grunt_runaround_zot], pan_entry, hell_entry
Zot:1:    layout_twisted_circle, grunt_megastairs_4
Zot:2:    gammafunk_dig_for_victory, layout_twisted_circle, skrybe_zot_glass_3
Zot:3:    layout_misc_corridors, gammafunk_ghost_arena, lemuel_elevator
Zot:4:    layout_concentric_octagons, st_stairs_5, drop_trap
Zot:5:    layout_onion

Skill      XL: |  1  2  3  4  5  6  7  8  9 10 11 12 13 14 15 16 17 18 19 20 21 22 23 24 25 26 27 |
---------------+----------------------------------------------------------------------------------+-----
Shields        | 4 5 6 7 8 9 10 12 14 15 16 17 20 23 | 23.8
Armour         | 4 5 6 7 8 9 10 11 13 14 15 17 18 19 22 | 22.7
Fighting       | 4 5 6 7 8 9 11 12 14 16 19 20 22 23 24 | 24.3
Axes           | 3 4 5 6 8 10 12 14 15 17 18 19 20 22 | 22.9
Invocations    | 1 2 3 4 6 7 9 15 | 15.7
Throwing       | 1 2 4 5 7 8 9 12 13 14 18 21 23 24 25 27 | 27.0

Action                   |  1- 3 |  4- 6 |  7- 9 | 10-12 | 13-15 | 16-18 | 19-21 | 22-24 | 25-27 || total
-------------------------+-------+-------+-------+-------+-------+-------+-------+-------+-------++-------
Melee: War axe           |    90 |   152 |   344 |   135 |    56 |     1 |   111 |       |       ||   889
       Headbutt          |    17 |    30 |    70 |   125 |   151 |   308 |   356 |   329 |   527 ||  1913
       Broad axe         |       |       |       |   656 |   533 |  1185 |  1125 |   960 |  1514 ||  5973
       Trident           |       |       |       |     6 |    41 |    33 |       |       |       ||    80
Throw: Dart              |     2 |     3 |    13 |       |     4 |       |     6 |       |       ||    28
       Throwing net      |       |       |     1 |       |       |       |       |       |       ||     1
       Boomerang         |       |       |       |    27 |    86 |   195 |       |    64 |   107 ||   479
       Javelin           |       |       |       |       |       |     8 |    21 |    55 |    51 ||   135
Invok: Heroism           |       |       |     3 |     4 |     7 |     5 |     3 |     7 |     9 ||    38
       Finesse           |       |       |       |       |       |       |     1 |     5 |    10 ||    16
Evoke: Wand              |       |       |       |     5 |     2 |     1 |       |     1 |     2 ||    11
  Use: Scroll            |     5 |       |     5 |    14 |    11 |     5 |     1 |    16 |     9 ||    66
       Potion            |       |       |       |     7 |     5 |       |       |     3 |    10 ||    25
 Stab: Confused          |       |       |       |     3 |       |     3 |       |       |       ||     6
       Distracted        |       |       |       |       |       |       |     1 |       |       ||     1
  Eat: Chunk             |     3 |     7 |    16 |    19 |    22 |    47 |    33 |    23 |    31 ||   201
       Ration            |       |       |     2 |     4 |     1 |     3 |     5 |     3 |     6 ||    24
Armor: Scale mail        |    31 |    57 |     3 |       |       |       |       |       |       ||    91
       Chain mail        |       |       |   110 |   207 |       |       |       |       |       ||   317
       Plate armour      |       |       |       |   142 |   261 |   511 |   381 |    23 |       ||  1318
       Gold dragon scale |       |       |       |       |       |       |       |   378 |   655 ||  1033
Dodge: Dodged            |    27 |    43 |   102 |   191 |   165 |   423 |   356 |   245 |   242 ||  1794
Block: Kite shield       |    42 |    77 |   172 |   422 |   377 |   771 |   800 |   611 |  1300 ||  4572
       Reflection        |       |       |       |       |       |       |       |       |    32 ||    32
